 Dungeon Crawl Stone Soup version 0.29-a0-620-g13ace881f2 (webtiles) character file.

Game seed: 17249734125710007978

1284 happo123 the Ruffian (level 8, -1/74 HPs)
             Began as a Troll Transmuter on June 18, 2022.
             Slain by an orc warrior
             ... wielding a +0 halberd
              (19 damage)
             ... on level 6 of the Dungeon.
             The game lasted 00:19:27 (4220 turns).

happo123 the Ruffian (Troll Transmuter)             Turns: 4220, Time: 00:19:28

Health: -1/74      AC:  4    Str: 19    XL:     8   Next: 29%
Magic:  8/10       EV: 14    Int: 11    God:
Gold:   270        SH:  0    Dex: 10    Spells: 9/12 levels left

rFire   . . .      SeeInvis .     - Unarmed
rCold   . . .      Faith    .   (no shield)
rNeg    . . .      Spirit   .   a - +0 robe
rPois   .          Reflect  .   (helmet currently unavailable)
rElec   .          Harm     .   (no cloak)
rCorr   .          Rampage  .   (gloves unavailable)
Will    .....                   (boots unavailable)
Stlth   +.........              e - amulet of regeneration
HPRegen 1.82/turn               j - +4 ring of evasion
MPRegen 0.12/turn               (no ring)

@: appendages (expiring)
A: horns 2, talons 2, large, unfitting armour, claws 3, regeneration 1, shaggy
fur 1, tough skin 1
a: End Transformation


You were on level 6 of the Dungeon.
You had temporarily grown beastly horns and talons.
You visited 1 branch of the dungeon, and saw 6 of its levels.
You also visited: Sewer and Ossuary.

You collected 270 gold pieces.

Inventory:

Armour
 a - a +0 robe (worn)
 u - a +2 hat (melded)
Jewellery
 e - an amulet of regeneration (around neck)
 j - a +4 ring of evasion (left claw)
 v - an amulet of the acrobat
Wands
 A - a wand of flame (18)
Scrolls
 d - 2 scrolls of amnesia
 f - 3 scrolls of noise
 h - 4 scrolls of fear
 l - a scroll of blinking {unknown}
 m - 3 scrolls of teleportation
 n - a scroll of torment {unknown}
 x - a scroll of immolation
 y - a scroll of fog
 z - a scroll of brand weapon
 C - a scroll of enchant armour
Potions
 b - 3 potions of lignification
 g - a potion of attraction {unknown}
 i - 4 potions of berserk rage {unknown}
 k - 3 potions of heal wounds {unknown}
 o - 2 potions of degeneration {unknown}
 p - 3 potions of curing {unknown}
 q - a potion of ambrosia {unknown}
 r - a potion of might {unknown}
 s - a potion of invisibility {unknown}
 t - a potion of haste {unknown}
 w - a potion of brilliance {unknown}
 B - 3 potions of cancellation {unknown}
 D - a potion of resistance {unknown}
 E - a potion of magic {unknown}


   Skills:
 + Level 2.8 Fighting
 + Level 3.2 Dodging
 * Level 5.9 Unarmed Combat
 + Level 2.5 Spellcasting
 * Level 4.0 Transmutations
 + Level 2.4 Ice Magic


You had 9 spell levels left.
You knew the following spells:

 Your Spells              Type           Power      Damage    Failure   Level
a - Beastly Appendage     Tmut           20%        N/A       5%          1
b - Wereblood             Tmut           10%        N/A       9%          2

Your spell library contained the following spells:

 Spells                   Type           Power      Damage    Failure   Level
 Slow                     Hex            4%         N/A       28%         1
 Spider Form              Tmut/Pois      5%         N/A       36%         3
 Ice Form                 Ice/Tmut       8%         N/A       58%         4
 Confusing Touch          Hex            1%         N/A       63%         3
 Vampiric Draining        Necr           1%         2d6       63%         3


Dungeon Overview and Level Annotations

Branches:
Dungeon (6/15)              Sewer (visited)         Ossuary (visited)
 Temple: D:4-7

Altars:


Innate Abilities, Weirdness & Mutations

You have temporarily grown beastly horns and talons.
You are too large for most types of armour.
You have claws for hands.
Your natural rate of healing is unusually fast.
You are covered in fur. (AC +1)
You have tough skin. (AC +1)


Message History

Confirm with . or Enter, or press ? or * to list all spells.
You miscast Wereblood.
You are very lightly contaminated with residual magic.
Nothing appears to happen.
The orc shouts!
An orc comes into view. It is wielding a +0 whip.
The orc warrior hits you with a +0 halberd!!
You scratch the orc warrior but do no damage.
The orc warrior hits you with a +0 halberd!!
You closely miss the orc warrior. Your kick misses the orc warrior.
You scratch the orc warrior. You claw the orc warrior. x2
The orc warrior is moderately wounded.
Your transformation is almost over.
You scratch the orc warrior but do no damage.
Your kick misses the orc warrior.
The orc warrior is moderately wounded.
The orc hits you but does no damage.
The orc warrior hits you with a +0 halberd!
You scratch the orc warrior but do no damage.
You claw the orc warrior, but do no damage.
The orc warrior is moderately wounded.
The orc barely misses you. The orc closely misses you.
The orc warrior barely misses you.
Your magical contamination has completely faded away.
You closely miss the orc warrior. Your kick misses the orc warrior.
You headbutt the orc warrior!
The orc warrior is severely wounded.
The orc hits you with a +0 whip. The orc warrior completely misses you.
The orc hits you with a +0 short sword.
You scratch the orc warrior.
You headbutt the orc warrior, but do no damage.
The orc warrior is severely wounded.
The orc warrior hits you with a +0 halberd!
* * * LOW HITPOINT WARNING * * *
The orc barely misses you.
You barely miss the orc warrior.
The orc warrior is severely wounded.
The orc completely misses you.
The orc warrior hits you with a +0 halberd!!
You die...

#..8..# #.....# #8...8##
# #......#
#######..8)..####
................###
..................+
###+###########...#
..............#o@o#
#..<).........#o.o#
#.)).............o......#
...)..................o.#
##............##..#####.#
##............###.#
.+............# #.#
.#............# #.#
.'............# #..


You could see an orc warrior and 4 orcs.

Vanquished Creatures
  An ice beast (D:6)
  2 phantoms
  2 scorpions
  2 centaur zombies (Ossuary)
  5 jellies
  5 hounds
  5 orc priests
  2 iguanas (D:5)
  3 orc wizards
  6 mummies (Ossuary)
  A river rat (D:4)
  9 adders
  3 worms
  A dart slug (D:3)
  19 orcs
  3 bats (D:2)
  13 endoplasms
  8 giant cockroaches
  6 goblins
  3 hobgoblins
  6 quokkas
  8 ball pythons
  2 frilled lizards
  3 hobgoblin zombies (Ossuary)
  5 kobolds
  8 rats
131 creatures vanquished.

Vanquished Creatures (others)
  A plant (D:2)
1 creature vanquished.

Grand Total: 132 creatures vanquished

Notes
Turn   | Place    | Note
-------+----------+-------------------------------------------
     0 | D:1      | happo123 the Troll Transmuter began the quest for the Orb.
     0 | D:1      | Reached XP level 1. HP: 18/18 MP: 1/1
   499 | D:1      | Found a faded altar of an unknown god.
   565 | D:1      | Reached XP level 2. HP: 26/26 MP: 2/2
   952 | D:2      | Reached skill level 1 in Fighting
  1012 | D:2      | Reached XP level 3. HP: 33/33 MP: 4/4
  1018 | D:2      | Learned a level 2 spell: Wereblood
  1622 | D:3      | Reached XP level 4. HP: 41/41 MP: 2/5
  2177 | D:4      | Reached skill level 1 in Ice Magic
  2244 | D:4      | Reached skill level 4 in Unarmed Combat
  2244 | D:4      | Reached XP level 5. HP: 43/48 MP: 4/6
  2463 | D:4      | Found a glowing drain.
  2467 | Sewer    | Entered a sewer
  2552 | Sewer    | Reached XP level 6. HP: 57/57 MP: 7/7
  2608 | Sewer    | Found a viscous altar of Jiyva.
  3143 | D:5      | Entered Level 5 of the Dungeon
  3199 | D:5      | Reached XP level 7. HP: 65/65 MP: 9/9
  3206 | D:5      | Identified the +0 ring mail of Starshine {*Slow rElec
                  | Will++}
  3275 | D:5      | Reached skill level 5 in Unarmed Combat
  4014 | D:6      | Reached XP level 8. HP: 74/74 MP: 8/10
  4068 | D:6      | Found a sand-covered staircase.
  4088 | Ossuary  | Entered an ossuary
  4220 | D:6      | Slain by an orc warrior

Illustrated notes

Levels and vault maps discovered:
D:1:      psy_arrival_whirlpool, layout_basic, ebering_ecumenical_altar_hall,
          corexii_leaking_fountain
D:2:      layout_loops_ring, serial_forest, infiniplex_forest_fountain,
          infiniplex_forest_clump_long, infiniplex_forest_straight_2,
          infiniplex_forest_clump_curved, infiniplex_forest_clump_medium,
          infiniplex_forest_zigzag_1, minmay_misc_feat_x,
          minmay_misc_feat_ornament, st_stairs_13
D:3:      layout_rooms, lemuel_old_faithful
D:4:      layout_loops_ring, gup_sewer_entry_spiral, grunt_decor_junction
D:5:      layout_loops_ring
D:6:      minmay_octagon_keep, layout_basic, okawaru_trees_2,
          nicolae_ossuary_entry_monument

Skill      XL: |  1  2  3  4  5  6  7  8 |
---------------+-------------------------+-----
Fighting       | 1 2 |  2.8
Transmutations | 2 3 4 |  4.0
Dodging        | 2 3 |  3.2
Ice Magic      | 1 2 |  2.4
Unarmed Combat | 4 5 |  5.9
Spellcasting   | 2 |  2.5

Action                   |  1- 3 |  4- 6 |  7- 9 || total
-------------------------+-------+-------+-------++-------
Melee: Unarmed           |    66 |   170 |   131 ||   367
       Kick              |     3 |    22 |    30 ||    55
       Headbutt          |     1 |    13 |    21 ||    35
       Punch             |       |     3 |     4 ||     7
 Cast: Beastly Appendage |     4 |    16 |    16 ||    36
       Wereblood         |     1 |     2 |     5 ||     8
  Use: Scroll            |       |     2 |     6 ||     8
 Stab: Sleeping          |     1 |     2 |       ||     3
Armor: Robe              |    26 |    27 |    20 ||    73
Dodge: Dodged            |    61 |   105 |    88 ||   254

Table legend: (Time is in decaauts)
 A = Elapsed time spent in this place.
 B = Non-inter-level travel time spent in this place.
 C = Inter-level travel time spent in this place.
 D = Time resting spent in this place.
 E = Time spent auto-exploring this place.
 F = Levels seen in this place.
 G = Mean time per level.
                   A        B        C        D        E       F      G
               +--------+--------+--------+--------+--------+-----+--------+
         Total |   4252 |   3685 |    567 |      0 |   2509 |   8 |  531.5 |
       Dungeon |   3907 |   3340 |    567 |      0 |   2502 |   6 |  651.2 |
         Sewer |    238 |    238 |      0 |      0 |      0 |   1 |  238.0 |
       Ossuary |    106 |    106 |      0 |      0 |      7 |   1 |  106.0 |
               +--------+--------+--------+--------+--------+-----+--------+

Top non-repeatable levels by time:
     D:5: 802 daAuts
     D:1: 800 daAuts
     D:2: 786 daAuts
     D:4: 785 daAuts
     D:3: 578 daAuts
   Sewer: 238 daAuts
     D:6: 153 daAuts
 Ossuary: 106 daAuts
